 Dungeon Crawl Stone Soup version 0.28.0-1-gb440e238dd (webtiles) character file.

Game seed: 8537639623209624069

1917 themarg the Cleaver (level 8, -4/71 HPs)
             Began as a Minotaur Berserker on Feb 19, 2022.
             Was a Priest of Trog.
             Succumbed to a kobold brigand's curare-tipped dart
             ... on level 5 of the Dungeon.
             The game lasted 00:17:54 (5675 turns).

themarg the Cleaver (Minotaur Berserker)            Turns: 5675, Time: 00:17:55

Health: -4/71      AC: 10    Str: 23    XL:     8   Next: 95%
Magic:  7/7        EV:  9    Int:  4    God:    Trog [***...]
Gold:   144        SH:  0    Dex: 11    Spells: 7/7 levels left

rFire   . . .      SeeInvis .   t - +0 war axe
rCold   . . .      Faith    .   (no shield)
rNeg    . . .      Spirit   .   v - +0 chain mail
rPois   .          Reflect  .   (helmet restricted)
rElec   .          Harm     .   (no cloak)
rCorr   .          Rampage  .   (no gloves)
Will    .....                   (no boots)
Stlth   ..........              (no amulet)
HPRegen 0.21/turn               (no ring)
MPRegen 0.10/turn               (no ring)

@: mighty, lethally poisoned (-4 -> -25), slowed, invisible, very slow
A: horns 2, retaliatory headbutt
a: Renounce Religion, Berserk, Trog's Hand


You were on level 5 of the Dungeon.
You worshipped Trog.
Trog was most pleased with you.
You visited 1 branch of the dungeon, and saw 5 of its levels.

You collected 144 gold pieces.

Inventory:

Hand Weapons
 s - a +1 vorpal mace
 t - a +0 war axe (weapon)
Missiles
 b - 44 stones
 c - 4 poisoned darts (quivered)
 l - 2 throwing nets
 A - 3 curare-tipped darts
Armour
 v - a +0 chain mail (worn)
Wands
 a - a wand of digging (7)
Scrolls
 d - a scroll of brand weapon {unknown}
 e - a scroll of immolation {unknown}
 f - a scroll of amnesia {unknown}
 k - 2 scrolls of enchant armour
 m - a scroll of fear {unknown}
 n - a scroll of holy word {unknown}
 w - 2 scrolls of identify
 x - a scroll of fog {unknown}
 y - a scroll of magic mapping {unknown}
 B - a scroll of silence {unknown}
Potions
 g - a potion of flight
 h - a potion of might
 i - a potion of invisibility
 j - a potion of mutation {unknown}
 o - a potion of resistance {unknown}
 p - a potion of berserk rage {unknown}
 q - a potion of curing {unknown}
 r - a potion of magic {unknown}
 u - a potion of haste {unknown}
 z - a potion of degeneration {unknown}


   Skills:
 + Level 6.8 Fighting
 + Level 10.3 Axes
 + Level 6.6 Armour
 + Level 4.6 Dodging
 + Level 1.9 Stealth


You had 7 spell levels left.
You didn't know any spells.
Your spell library was empty.

Dungeon Overview and Level Annotations

Branches:
Dungeon (5/15)             Temple (0/1) D:4

Altars:
Ashenzari
Fedhas
Gozag
Nemelex Xobeh
Vehumet

Shops:
D:1 (

Annotations:
D:4 exclusion: downstairs
D:5 Dowan, Duvessa


Innate Abilities, Weirdness & Mutations

You have a pair of horns on your head.
You reflexively headbutt those who attack you in melee.


Message History

You kill the ogre!
Trog accepts your kill.
You see here a +0 giant club.
The kobold brigand throws a curare-tipped dart.
The curare-tipped dart hits you.
You are poisoned.
You have difficulty breathing.
You feel yourself slow down.
You feel very sick.
You see here a +0 giant club.
You feel very sick.
The kobold brigand throws a curare-tipped dart.
The curare-tipped dart closely misses you.
You feel sick.
The kobold brigand throws a curare-tipped dart.
The curare-tipped dart hits you.
You are more poisoned.
You have difficulty breathing.
You feel as though you will be slow longer.
Okay, then.
Okay, then.
You feel very sick.
The kobold brigand throws a curare-tipped dart.
The curare-tipped dart hits you.
You are more poisoned.
You have difficulty breathing.
* * * LOW HITPOINT WARNING * * *
You feel as though you will be slow longer.
It was a potion of might.
You feel very mighty all of a sudden.
* * * LOW HITPOINT WARNING * * *
You feel very sick.
The kobold brigand throws a curare-tipped dart.
The curare-tipped dart hits you.
You are lethally poisoned!
You have difficulty breathing.
* * * LOW HITPOINT WARNING * * *
You feel as though you will be slow longer.
It was a potion of invisibility.
You fade into invisibility!
You die...

.#.#.#...#.#..##.#...........#.##
.....#.#.#.......................
..##.......##.####...........#.##
.......#........##...........#.##
#.#....#....#.###.#..............
.......#.........................
..##.......##.....##...........#.
.....#.#.#..........#...e..#...#.
.#.#.#...#.#.#..@#.##..<.......#.
.#...........#.#.#).#.#....#.....
...##.....##.......##............
...............#..K..K...........
....#.###.#....#....#.#..##....#.
........ ......#...............#.
...##.....##.......##.#...#..^...
.#.. .... ..#.#.#..#.#...#......
.#.#. ... #...#.#..........#..


You could see a kobold brigand.

Vanquished Creatures
  Pikel (D:4)
  Sigmund (D:5)
  Edmund (D:5)
  A sky beast (D:5)
  3 ogres
  2 phantoms
  A lemure (D:4)
  A kobold brigand (D:4)
  3 scorpions
  A water moccasin zombie (D:5)
  A hound (D:4)
  A gnoll shaman (D:4)
  An iguana (D:4)
  A scorpion zombie (D:5)
  Robin (D:2)
  5 gnolls (D:4)
  A howler monkey skeleton (D:4)
  7 adders
  3 ufetubi
  4 worms
  5 dart slugs
  5 orcs
  10 ball pythons
  9 bats
  6 endoplasms
  3 giant cockroaches
  16 goblins
  6 hobgoblins
  11 jackals
  2 quokkas
  7 frilled lizards
  8 kobolds
  5 rats
133 creatures vanquished.

Notes
Turn   | Place    | Note
-------+----------+-------------------------------------------
     0 | D:1      | themarg the Minotaur Berserker began the quest for the Orb.
     0 | D:1      | Reached XP level 1. HP: 19/19 MP: 0/0
   291 | D:1      | Reached XP level 2. HP: 22/27 MP: 1/1
   294 | D:1      | Reached skill level 4 in Axes
   488 | D:1      | Found a faded altar of an unknown god.
   526 | D:1      | Found Gariem's Weapon Boutique.
   676 | D:1      | Reached XP level 3. HP: 27/33 MP: 2/2
   881 | D:1      | Reached ** piety under Trog
  1763 | D:2      | Noticed Robin
  1791 | D:2      | Reached XP level 4. HP: 30/41 MP: 3/3
  1964 | D:2      | Killed Robin
  1965 | D:2      | Reached skill level 5 in Axes
  3078 | D:3      | Found a broken altar of Ashenzari.
  3080 | D:3      | Found a radiant altar of Vehumet.
  3428 | D:4      | Noticed a scorpion
  3533 | D:4      | Found a sparkling altar of Nemelex Xobeh.
  3541 | D:4      | Reached XP level 5. HP: 45/47 MP: 4/4
  3541 | D:4      | Reached *** piety under Trog
  3868 | D:4      | Reached skill level 6 in Axes
  4018 | D:4      | Reached XP level 6. HP: 55/55 MP: 5/5
  4052 | D:4      | Found a staircase to the Ecumenical Temple.
  4092 | D:4      | Reached skill level 5 in Fighting
  4332 | D:4      | Noticed Pikel
  4357 | D:4      | Killed Pikel
  4358 | D:4      | Reached skill level 7 in Axes
  4358 | D:4      | Reached skill level 1 in Stealth
  4358 | D:4      | Reached XP level 7. HP: 62/62 MP: 6/6
  4362 | D:4      | Reached skill level 8 in Axes
  4411 | D:4      | Found an opulent altar of Gozag.
  4423 | D:4      | Reached skill level 5 in Armour
  4505 | D:4      | Found a blossoming altar of Fedhas.
  4598 | D:4      | Reached XP level 8. HP: 54/70 MP: 7/7
  4788 | D:5      | Entered Level 5 of the Dungeon
  4917 | D:5      | Reached skill level 9 in Axes
  5078 | D:5      | Noticed Sigmund
  5107 | D:5      | Killed Sigmund
  5459 | D:5      | Noticed Duvessa
  5459 | D:5      | Noticed Dowan
  5506 | D:5      | Noticed Edmund
  5515 | D:5      | Killed Edmund
  5516 | D:5      | Reached skill level 10 in Axes
  5674 | D:5      | HP: 3/71 [asphyx]
  5675 | D:5      | Succumbed to a kobold brigand's curare-tipped dart

Illustrated notes

Levels and vault maps discovered:
D:1:      minmay_arrival_hallway, layout_basic, serial_shops, shop,
          ebering_ecumenical_altar_hall, serial_forest,
          infiniplex_forest_clump_small, infiniplex_forest_straight_2,
          infiniplex_forest_end_2, infiniplex_forest_end_1,
          infiniplex_forest_join
D:2:      layout_loops_corners, minmay_crystal_water, minmay_unequal, uniq_robin
D:3:      layout_loops_ring, mainiacjoe_overflow_big_doors
D:4:      layout_basic, kennysheep_mini_moat, grunt_gozag_statues,
          nemelex_xobeh_ov_fountains_minmay, minmay_temple_entry_statues,
          uniq_pikel
D:5:      nicolae_cairo_tiling_large_dashed, layout_basic, lemuel_doored_altar,
          mainiacjoe_overflow_catwalk, uniq_edmund, uniq_duvessa, uniq_sigmund

Skill      XL: |  1  2  3  4  5  6  7  8 |
---------------+-------------------------+-----
Fighting       | 4 5 6 |  6.8
Axes           | 4 5 6 7 8 10 | 10.3
Dodging        | 3 4 |  4.6
Armour         | 3 4 5 6 |  6.6
Stealth        | 1 |  1.9

Action                   |  1- 3 |  4- 6 |  7- 9 || total
-------------------------+-------+-------+-------++-------
Melee: Hand axe          |   109 |   157 |    15 ||   281
       Headbutt          |    18 |    21 |    19 ||    58
       Punch             |       |     2 |       ||     2
       War axe           |       |       |    84 ||    84
Invok: Berserk           |     1 |     2 |     3 ||     6
  Use: Scroll            |       |       |     2 ||     2
       Potion            |       |       |     2 ||     2
 Stab: Sleeping          |     1 |       |       ||     1
Armor: Animal skin       |    15 |     8 |       ||    23
       Chain mail        |       |    33 |    53 ||    86
       Ring mail         |       |     4 |       ||     4
Dodge: Dodged            |    47 |    68 |    48 ||   163
